AoeStats
← Launger

Black Forest

508258508Analyzed
4v4 RM · 12d ago on Sep 21, 2026· 53m 55s· 8 players
Game mode
Random Map
Map size
Large (8 player)
Population
200
Speed
Normal
Resources
Standard
Victory
Conquest
Starting age
Dark Age
Ending age
Imperial Age
RankedLock teamsTeams togetherTeam positionsShared explorationLock speedFull tech treeHidden civsTurbo modeCheats
Victory
Defeat
🇳🇱 Muisca · Netherlands
1185
+14
🇸🇰 Bengalis · Slovakia
1128
+16
🇩🇪 Goths · Germany
1060
+19
🇧🇷 Italians · Brazil
1040
+20
🇹🇷 Mongols · Türkiye
1160
-18
🇵🇱 Vietnamese · Poland
1137
-18
🇲🇽 Bulgarians · Mexico
1114
-17
🇨🇱 Georgians · Chile
1106
-16
[GDL]Dunitrid
0:57 Loom
10:06 Feudal Age
10:39 Double-Bit Axe
10:43 Horse Collar
14:40 Gold Mining
18:03 Wheelbarrow
22:05 Castle Age
20:22 Stone Mining
21:08 Forging
21:01 Scale Mail Armor
21:15 Fletching
23:24 Squires
23:10 Gambesons
24:22 Iron Casting
24:04 Chain Mail Armor
23:51 Bodkin Arrow
25:19 Stone Shaft Mining
24:54 Bow Saw
25:28 Arson
28:51 Hand Cart
32:17 Scale Barding Armor
37:34 Imperial Age
35:57 Gold Shaft Mining
38:28 Masonry
40:24 Plate Mail Armor
44:19 Heavy Plow
44:26 Pikeman
46:08 Blast Furnace
46:31 Chain Barding Armor
46:12 Padded Archer Armor
46:13 Bracer
47:52 Siege Engineers
48:29 Conscription
48:00 Town Watch
49:56 Plate Barding Armor
49:36 Leather Archer Armor
52:36 Chemistry
52:07 Architecture
51:58 Ballistics
La Cobra
7:14 Loom
11:20 Feudal Age
18:26 Castle Age
16:21 Stone Mining
16:20 Double-Bit Axe
16:31 Horse Collar
20:57 Fervor
24:06 Wheelbarrow
27:23 Hand Cart
30:54 Imperial Age
30:23 Forging
31:23 Bloodlines
31:13 Husbandry
31:56 Conscription
30:57 Elite Monaspa
31:53 Scale Barding Armor
32:24 Iron Casting
32:39 Chain Barding Armor
34:49 Blast Furnace
34:32 Town Watch
35:29 Gold Mining
35:53 Bow Saw
36:22 Stone Shaft Mining
36:25 Plate Barding Armor
37:19 Heavy Plow
40:33 Fletching
46:00 Bodkin Arrow
46:06 Padded Archer Armor
46:31 Bracer
46:10 Elite Skirmisher
47:10 Leather Archer Armor
47:18 Ballistics
47:58 Chemistry
47:08 Imperial Skirmisher
48:46 Treadmill Crane
Cezalandırıcı
0:32 Loom
11:03 Feudal Age
11:42 Double-Bit Axe
11:38 Horse Collar
16:50 Castle Age
17:40 Fletching
18:06 Stone Mining
24:40 Bow Saw
29:03 Ballistics
29:54 Heavy Plow
33:17 Imperial Age
31:40 Wheelbarrow
31:10 Padded Archer Armor
31:22 Nomads
31:58 Bodkin Arrow
32:01 Gold Mining
32:49 Hand Cart
33:25 Leather Archer Armor
34:05 Gold Shaft Mining
34:14 Stone Shaft Mining
33:32 Town Watch
35:21 Chemistry
34:32 Bracer
35:29 Town Patrol
36:08 Parthian Tactics
35:48 Thumb Ring
36:11 Conscription
36:58 Forging
36:55 Scale Barding Armor
37:59 Iron Casting
37:45 Caravan
38:08 Chain Barding Armor
38:46 Husbandry
38:57 Bloodlines
38:27 Elite Mangudai
39:43 Hoardings
40:09 Iron Casting
41:54 Chain Barding Armor
42:35 Blast Furnace
40:58 Elite Steppe Lancer
49:12 Light Cavalry
50:30 Hussar
Launger
1:05 Loom
11:19 Feudal Age
12:06 Double-Bit Axe
15:26 Castle Age
16:31 Bow Saw
23:36 Horse Collar
24:40 Heavy Plow
25:19 Wheelbarrow
26:58 Hand Cart
30:38 Imperial Age
28:23 Fletching
28:33 Padded Archer Armor
28:44 Forging
28:39 Scale Barding Armor
30:07 Gold Mining
30:18 Stone Mining
31:13 Iron Casting
30:43 Scale Barding Armor
30:34 Bodkin Arrow
32:27 Chemistry
32:12 Bracer
32:27 Leather Archer Armor
33:57 Ballistics
34:19 Ring Archer Armor
34:10 Chain Barding Armor
33:49 Crossbowman
36:10 Plate Barding Armor
36:37 Siege Engineers
36:56 Paper Money
36:38 Chatras
36:50 Thumb Ring
37:17 Arbalester
42:11 Bloodlines
42:01 Husbandry
tobias-bayer90
12:40 Feudal Age
13:39 Double-Bit Axe
13:37 Horse Collar
18:22 Castle Age
32:49 Imperial Age
31:02 Pikeman
31:43 Squires
31:46 Anarchy
32:14 Bow Saw
32:21 Forging
32:11 Scale Mail Armor
32:43 Gold Mining
33:44 Perfusion
34:05 Chain Mail Armor
34:26 Iron Casting
34:41 Halberdier
40:28 Blast Furnace
51:24 Anarchy
50:44 Elite Huskarl
Saky
12:22 Feudal Age
15:14 Double-Bit Axe
17:41 Castle Age
18:52 Horse Collar
19:42 Bow Saw
25:23 Wheelbarrow
24:55 Gold Mining
24:57 Stone Mining
25:24 Caravan
28:49 Fletching
29:18 Hand Cart
29:41 Bodkin Arrow
30:14 Ballistics
34:30 Imperial Age
32:39 Pikeman
33:20 Squires
33:09 Arson
33:44 Paiks
35:54 Mahayana
35:14 Elite Elephant Archer
36:58 Chemistry
36:28 Husbandry
36:38 Bloodlines
36:34 Heavy Plow
37:39 Two-Man Saw
36:41 Bracer
36:42 Padded Archer Armor
36:53 Scale Barding Armor
39:27 Crop Rotation
40:50 Halberdier
46:37 Elite Skirmisher
53:54 Chain Barding Armor
53:50 Leather Archer Armor
53:47 Forging
53:38 Scale Mail Armor
Artarum
0:28 Loom
12:10 Feudal Age
16:07 Castle Age
13:58 Double-Bit Axe
14:29 Stone Mining
16:15 Wheelbarrow
22:04 Horse Collar
26:31 Bow Saw
26:32 Gold Mining
27:34 Heavy Plow
31:00 Imperial Age
29:27 Fletching
30:27 Hand Cart
29:57 Town Watch
31:06 Stone Shaft Mining
31:25 Silk Road
31:56 Bodkin Arrow
32:01 Padded Archer Armor
31:26 Elite Genoese Crossbowman
32:47 Pirotechnia
33:59 Chemistry
35:05 Ballistics
34:58 Fortified Wall
35:12 Ballistics
35:04 Fortified Wall
38:02 Town Patrol
45:46 Bracer
46:02 Leather Archer Armor
47:38 Masonry
Marietje Toch
2:48 Loom
12:38 Feudal Age
13:22 Horse Collar
16:05 Double-Bit Axe
17:12 Town Watch
22:29 Castle Age
21:23 Fletching
21:42 Gold Mining
23:06 Wheelbarrow
28:44 Redemption
32:36 Forging
32:26 Scale Mail Armor
32:22 Bodkin Arrow
32:37 Padded Archer Armor
39:52 Imperial Age
39:58 Squires
40:57 Bracer
41:13 Leather Archer Armor
41:31 Murder Holes
41:52 Masonry
46:07 Elite Guecha Warrior
48:32 Chain Mail Armor
50:12 Ballistics
54:08 Chemistry
52:51 Treadmill Crane
Connection lost

Rejoining the realm…

Still unreachable

The connection could not be restored.

Session expired

The server has moved on; the page needs a fresh start.